AoeStats
← Bear_Pig_Man

African Clearing

510438676Analyzed
4v4 RM · 20h ago on Oct 1, 2026· 30m 8s· 8 players
Game mode
Random Map
Map size
Large (8 player)
Population
200
Speed
Normal
Resources
Standard
Victory
Conquest
Starting age
Dark Age
Ending age
Imperial Age
RankedLock teamsTeams togetherTeam positionsShared explorationLock speedFull tech treeHidden civsTurbo modeCheats
Victory
Defeat
🇨🇳 Spanish · China
1040
+10
🇺🇸 Varangians · United States
1028
+10
🇺🇸 Varangians · United States
968
+12
🇦🇷 Georgians · Argentina
947
+13
🇺🇸 Mongols · United States
1024
-16
🇺🇸 Khmer · United States
970
-14
🇺🇸 Franks · United States
810
-8
🇺🇸 Huns · United States
746
-16
Christ is Lord † |Acts 16:31
14:14 Feudal Age
16:19 Forging
16:51 Scale Barding Armor
22:49 Castle Age
21:08 Bloodlines
21:38 Gold Mining
21:36 Double-Bit Axe
23:10 Light Cavalry
24:42 Iron Casting
28:17 Husbandry
29:28 Loom
30:23 Horse Collar
Bear_Pig_Man
5:59 Loom
14:40 Feudal Age
16:21 Double-Bit Axe
22:24 Castle Age
23:07 Bloodlines
23:26 Bow Saw
24:29 Husbandry
28:33 Wheelbarrow
30:19 Hand Cart
Bauti
14:36 Loom
16:21 Feudal Age
17:49 Man-at-Arms
24:21 Castle Age
24:16 Fletching
人在阵地在
21:32 Feudal Age
28:14 Castle Age
26:11 Double-Bit Axe
27:05 Horse Collar
27:18 Gold Mining
27:20 Stone Mining
smallrock99
6:17 Loom
20:36 Feudal Age
21:54 Wheelbarrow
21:05 Town Watch
22:07 Arson
22:52 Scale Mail Armor
24:59 Padded Archer Armor
25:05 Scale Barding Armor
24:55 Gold Mining
24:55 Stone Mining
26:23 Man-at-Arms
28:38 Double-Bit Axe
Purdue
9:02 Loom
13:28 Feudal Age
14:16 Double-Bit Axe
19:38 Scale Mail Armor
20:39 Fletching
24:42 Padded Archer Armor
sonicwest
17:00 Feudal Age
18:18 Double-Bit Axe
28:19 Loom
Deviant
14:41 Feudal Age
16:29 Wheelbarrow
17:24 Horse Collar
17:37 Gold Mining
20:22 Double-Bit Axe
20:33 Stone Mining
28:29 Castle Age
Connection lost

Rejoining the realm…

Still unreachable

The connection could not be restored.

Session expired

The server has moved on; the page needs a fresh start.